 Dungeon Crawl Stone Soup version 0.28.0-47-ge53b351184 (webtiles) character file.

Game seed: 11874744735880849048

1144 firemarshallily the Cleaver (level 8, -4/70 HPs)
             Began as a Minotaur Gladiator on May 4, 2022.
             Was an Initiate of Qazlal.
             Killed by divine providence
             ... invoked by an orc priest
              (13 damage)
             ... on level 5 of the Dungeon.
             The game lasted 00:18:47 (4306 turns).

firemarshallily the Cleaver (Minotaur Gladiator)    Turns: 4306, Time: 00:18:48

Health: -4/70      AC:  3    Str: 20    XL:     8   Next: 15%
Magic:  7/7        EV: 12    Int:  5    God:    Qazlal [......]
Gold:   269        SH:  0    Dex: 13    Spells: 7/7 levels left

rFire   . . .      SeeInvis +   a - +4 war axe (chaos)
rCold   . . .      Faith    .   (no shield)
rNeg    + . .      Spirit   .   b - +0 leather armour
rPois   .          Reflect  .   c - +0 hat
rElec   .          Harm     .   (no cloak)
rCorr   .          Rampage  .   (no gloves)
Will    .....                   (no boots)
Stlth   +.........              (no amulet)
HPRegen 0.21/turn               h - ring of see invisible
MPRegen 0.10/turn               s - ring of positive energy

@: no status effects
A: horns 2, retaliatory headbutt
a: Renounce Religion


You were on level 5 of the Dungeon.
You worshipped Qazlal.
Qazlal was noncommittal.
You visited 1 branch of the dungeon, and saw 5 of its levels.

You collected 269 gold pieces.

Inventory:

Hand Weapons
 a - a +4 war axe of chaos (weapon)
Missiles
 d - 3 throwing nets
 l - 129 stones
 y - 4 boomerangs (quivered)
 B - 3 poisoned darts
Armour
 b - a +0 leather armour (worn)
 c - a +0 hat (worn)
 e - a +0 scale mail
 i - a +0 plate armour
 o - a +0 chain mail
Jewellery
 h - a ring of see invisible (left hand)
 s - a ring of positive energy (right hand)
 u - a ring of protection from cold
Wands
 q - a wand of polymorph (13)
 v - a wand of iceblast (9)
Scrolls
 n - a scroll of teleportation
 r - a scroll of magic mapping
 z - a scroll of acquirement {unknown}
Potions
 g - a potion of ambrosia
 k - a potion of brilliance
 p - a potion of cancellation
 x - a potion of flight {unknown}
 A - a potion of invisibility {unknown}


   Skills:
 + Level 6.1 Fighting
 * Level 9.0 Axes
 - Level 2.1 Throwing
 + Level 5.4 Armour
 - Level 3.3 Dodging


You had 7 spell levels left.
You didn't know any spells.
Your spell library contained the following spells:

 Spells                   Type           Power      Damage    Failure   Level
 Foxfire                  Conj/Fire      0%         2x1d4     52%         1
 Magic Dart               Conj           0%         1d3       52%         1
 Passwall                 Tmut/Erth      0%         N/A       67%         2
 Searing Ray              Conj           0%         2d4       67%         2
 Sublimation of Blood     Necr           0%         N/A       67%         2
 Conjure Flame            Conj/Fire      0%         6-21      88%         3
 Inner Flame              Hex/Fire       0%         N/A       88%         3
 Flame Wave               Conj/Fire      0%         2d4       99%         4
 Fulminant Prism          Conj/Hex       0%         3d6       99%         4
 Petrify                  Tmut/Erth      0%         N/A       99%         4
 Irradiate                Conj/Tmut      0%         3d13      100%        5
 Simulacrum               Ice/Necr       0%         N/A       100%        6
 Statue Form              Tmut/Erth      0%         N/A       100%        6


Dungeon Overview and Level Annotations

Branches:
Dungeon (5/15)             Temple (0/1) D:4

Altars:
Gozag
Kikubaaqudgha
Qazlal
Ru
Sif Muna
Vehumet

Shops:
D:1 ?   D:4 (


Innate Abilities, Weirdness & Mutations

You have a pair of horns on your head.
You reflexively headbutt those who attack you in melee.


Message History

The orc priest hits you with a +0 short sword.
* * * LOW HITPOINT WARNING * * *
There is an open door here.
You turn into a tree.
Your +0 hat melds into your body.
Your +0 leather armour melds into your body.
Your roots penetrate the ground.
The orc priest calls down the wrath of Beogh upon you.
Beogh smites you!
* * * LOW HITPOINT WARNING * * *
It was a potion of ambrosia.
You are confused.
You feel invigorated.
It was a potion of attraction.
You feel attractive to monsters.
The orc warrior hits you with a +0 short sword.
* * * LOW HITPOINT WARNING * * *
It was a potion of magic.
Magic courses through your body.
The orc warrior hits you but does no damage.
It was a potion of cancellation.
Your magical effects are unravelling.
You feel magically purged.
You feel less wooden.
Your +0 hat unmelds from your body.
Your +0 leather armour unmelds from your body.
You feel less invigorated.
You feel less confused. The orc warrior barely misses you.
You feel less attractive to monsters.
It was a potion of curing.
You feel better.
The orc warrior hits you with a +0 short sword!
* * * LOW HITPOINT WARNING * * *
It was a potion of heal wounds.
You feel much better.
The orc warrior hits you with a +0 short sword!
* * * LOW HITPOINT WARNING * * *
The orc priest calls down the wrath of Beogh upon you.
Beogh smites you!
* * * LOW HITPOINT WARNING * * *
The orc priest looks encouraged for a moment.
The orc priest invokes the aid of Beogh against you.
Beogh smites you!
You die...

..#..### #...# #....#####..#
.###...### ###...###.##....##..##
## ###...###.........#####......#
### ###..##..........## ###.<..#
..#######..............## ###..#
#.....########..o.o.....# ##..
#####........#..........#########
########.................)..†....
.........#####..@.......#########
########## #..<.......#
##.......>## #..........#
#........[># #[.........#
#..........# #..........#
##........##


You could see an orc warrior and an orc priest (fast).

Vanquished Creatures
  Eustachio (D:5)
  Duvessa (D:4)
  2 ice beasts (D:5)
  A black bear (D:5)
  A phantom (D:3)
  Blork the orc (D:4)
  Dowan (D:4)
  A hound (D:4)
  A bullfrog zombie (D:5)
  4 centaur zombies
  An orc wizard (D:5)
  An iguana (D:5)
  A killer bee zombie (D:5)
  A hound skeleton (D:4)
  Robin (D:4)
  3 adders
  An ufetubus (D:5)
  An adder skeleton (D:4)
  2 worms
  5 dart slugs
  13 orcs
  6 endoplasms
  3 giant cockroaches
  13 goblins
  10 hobgoblins
  10 jackals
  13 kobolds
  5 ball pythons
  3 bats
  3 frilled lizards
  3 rats
113 creatures vanquished.

Notes
Turn   | Place    | Note
-------+----------+-------------------------------------------
     0 | D:1      | firemarshallily the Minotaur Gladiator began the quest for
                  | the Orb.
     0 | D:1      | Reached XP level 1. HP: 18/18 MP: 0/0
   348 | D:1      | Reached XP level 2. HP: 15/25 MP: 1/1
   357 | D:1      | Reached skill level 4 in Axes
   604 | D:1      | You fall into a shaft and drop 1 floor!
   610 | D:2      | Found a faded altar of an unknown god.
   615 | D:2      | Reached skill level 1 in Armour
   617 | D:2      | Prayed at the altar of an unknown god.
   617 | D:2      | Became a worshipper of Ru the Awakened
   618 | D:2      | Fell from the grace of Ru
   844 | D:1      | Reached XP level 3. HP: 30/31 MP: 2/2
  1113 | D:1      | Found Ecri's Magic Scroll Shoppe.
  2058 | D:3      | Noticed a phantom
  2065 | D:3      | Reached skill level 5 in Axes
  2065 | D:3      | Reached XP level 4. HP: 38/38 MP: 3/3
  2067 | D:3      | Killed a phantom
  2068 | D:3      | Reached XP level 5. HP: 46/46 MP: 4/4
  2095 | D:3      | Found an ancient bone altar of Kikubaaqudgha.
  2099 | D:3      | Found a shimmering blue altar of Sif Muna.
  2100 | D:3      | Found a radiant altar of Vehumet.
  2121 | D:3      | Got Vehumet's Volume of Confrontation
  2248 | D:3      | Found an opulent altar of Gozag.
  2661 | D:4      | Noticed Duvessa
  2661 | D:4      | Noticed Dowan
  2661 | D:4      | Found Ypsunyr's Antique Weapon Emporium.
  2666 | D:4      | Killed Duvessa
  2667 | D:4      | Reached skill level 6 in Axes
  2667 | D:4      | Reached XP level 6. HP: 48/52 MP: 5/5
  2670 | D:4      | Killed Dowan
  2841 | D:4      | Found a staircase to the Ecumenical Temple.
  2843 | D:4      | Noticed Blork the orc
  2852 | D:4      | Killed Blork the orc
  2855 | D:4      | Reached skill level 7 in Axes
  2876 | D:4      | Got Sif Muna's Grimoire of Earth and Evil Secrets
  3197 | D:4      | Noticed Robin
  3214 | D:4      | Reached XP level 7. HP: 43/60 MP: 6/6
  3228 | D:4      | Killed Robin
  3549 | D:5      | Entered Level 5 of the Dungeon
  3558 | D:5      | Noticed Eustachio
  3584 | D:5      | Killed Eustachio
  3585 | D:5      | Reached skill level 5 in Fighting
  3680 | D:5      | Reached skill level 8 in Axes
  4030 | D:5      | Reached skill level 5 in Armour
  4098 | D:5      | Reached XP level 8. HP: 69/70 MP: 7/7
  4169 | D:5      | Found a stormy altar of Qazlal.
  4176 | D:5      | Became a worshipper of Qazlal Stormbringer
  4278 | D:5      | Reached skill level 9 in Axes
  4306 | D:5      | Killed from afar by an orc priest

Illustrated notes

Levels and vault maps discovered:
D:1:      lemuel_arrival_river_passageway, layout_loops_cross, serial_shops,
          shop
D:2:      layout_loops_ring, nicolae_ecumenical_pavilion
D:3:      layout_basic, grunt_temple_overflow_magic_moments,
          amcnicky_altar_gilded
D:4:      layout_rooms, minmay_temple_entry_tees, nicolae_stop_n_shop_1,
          uniq_robin, uniq_duvessa, uniq_blork_the_orc
D:5:      layout_rooms, minmay_overflow_temple_star_hex,
          nicolae_qazlal_eye_of_the_storm, hellmonk_bongcloud_opening,
          uniq_eustachio

Skill      XL: |  1  2  3  4  5  6  7  8 |
---------------+-------------------------+-----
Axes           | 4 5 6 7 8 9 |  9.0
Armour         | 1 2 3 4 5 |  5.4
Fighting       | 3 4 5 6 |  6.1
Throwing       | |  2.1
Dodging        | |  3.3

Action                   |  1- 3 |  4- 6 |  7- 9 || total
-------------------------+-------+-------+-------++-------
Melee: War axe           |    89 |    68 |    66 ||   223
       Headbutt          |    14 |     6 |     9 ||    29
       Punch             |     1 |     1 |     1 ||     3
Throw: Stone             |     5 |     1 |    11 ||    17
       Boomerang         |       |       |     3 ||     3
Invok: Renounce Religion |     1 |       |       ||     1
  Use: Scroll            |    10 |     3 |     2 ||    15
       Potion            |       |     2 |     7 ||     9
 Stab: Paralysed         |       |     1 |       ||     1
       Sleeping          |       |     1 |       ||     1
Armor: Leather armour    |    20 |     9 |    14 ||    43
       Skin              |       |    11 |     6 ||    17
Dodge: Dodged            |    54 |    34 |    64 ||   152
